 Dungeon Crawl Stone Soup version 0.24.0-41-g2ae2f7f1be (webtiles) character file.

Game seed: 5942851043987857255, levelgen mode: deterministic

353735 KamiKatze the Warrior (level 21, -8/298 HPs)
             Began as a Centaur Fighter on Dec 3, 2019.
             Was the Champion of Trog.
             Mangled by a vampire knight
             ... wielding a +0 great mace
              (13 damage)
             ... on level 4 of the Depths on Dec 10, 2019.
             The game lasted 03:47:58 (53615 turns).

KamiKatze the Warrior (Centaur Fighter)            Turns: 53615, Time: 03:47:59

Health: -8/298     AC: 18    Str: 35    XL:     21   Next: 64%
Magic:  22/22      EV:  8    Int: 14    God:    Trog [******]
Gold:   1865       SH: 23    Dex: 16    Spells: 20/20 levels left

rFire    + + .     SeeInvis .   w - +5 broad axe (flame)
rCold    + . .     Gourm    .   E - +0 large shield
rNeg     . . .     Faith    .   p - +1 gold dragon scales of Kojas {*Drain rPois rF+ rC+ Slay+2 Stlth+}
rPois    +         Spirit   .   H - +2 helmet {Int+3}
rElec    +         Reflect  .   Y - +2 cloak {rPois}
rCorr    +         Harm     .   P - +0 pair of gloves
MR       +....                  G - +0 centaur barding "Egysua" {rF+}
Stlth    ..........             B - amulet of regeneration
HPRegen  0.99/turn              g - ring of Noon {rElec rPois Str+4 Int+4 Dex+4}
MPRegen  0.18/turn              S - ring of resist corrosion

@: berserking, corroded, very slightly contaminated, very quick
A: large, hooves 3, deformed body, speed 2, tough skin 3
}: 1/15 runes: gossamer
a: Berserk, Trog's Hand, Brothers in Arms, Renounce Religion


You were on level 4 of the Depths.
You worshipped Trog.
Trog was exalted by your worship.
You were very hungry.

You visited 7 branches of the dungeon, and saw 36 of its levels.
You visited 2 bazaars.
You also visited: Sewer, Gauntlet and Ice Cave.

You collected 4552 gold pieces.
You spent 2687 gold pieces at shops.

Inventory:

Hand Weapons
 a - a +5 broad axe of venom
 e - a +2 broad axe of electrocution
 w - a +5 broad axe of flaming (weapon)
Missiles
 s - 71 poisoned darts (quivered)
 t - 12 curare-tipped darts
 F - 5 throwing nets
 W - 7 atropa-tipped darts
Armour
 p - the +1 gold dragon scales of Kojas (worn) {*Drain rPois rF+ rC+ Slay+2 Stlth+}
   (You found it on level 1 of the Depths)

   It affects your accuracy and damage with ranged weapons and melee attacks
   (+2).
   It protects you from fire.
   It protects you from cold.
   It protects you from poison.
   It causes draining when unequipped.
   It makes you more stealthy.
 E - a +0 large shield (worn)
 G - the +0 centaur barding "Egysua" (worn) {rF+}
   (You acquired it on level 2 of the Lair of Beasts)

   It protects you from fire.
 H - a +2 helmet of intelligence (worn)
 P - a +0 pair of gloves (worn)
 Y - a +2 cloak of poison resistance (worn)
Jewellery
 g - the ring of Noon (left hand) {rElec rPois Str+4 Int+4 Dex+4}
   (You bought it in a shop on level 1 of the Orcish Mines)

   [ring of poison resistance]

   It affects your strength (+4).
   It affects your intelligence (+4).
   It affects your dexterity (+4).
   It insulates you from electricity.
   It protects you from poison.
 h - a +3 ring of slaying
 v - an uncursed ring of see invisible
 B - an amulet of regeneration (around neck)
 S - a ring of resist corrosion (right hand)
Wands
 u - a wand of iceblast (53)
 y - a wand of scattershot (6)
 A - a wand of acid (34)
 M - a wand of clouds (10)
 N - a wand of digging (6)
 T - a wand of flame (32)
 X - a wand of disintegration (50)
Scrolls
 b - 25 scrolls of identify
 i - 18 scrolls of teleportation
 k - 8 scrolls of magic mapping
 l - 14 scrolls of remove curse
 m - a scroll of holy word
 o - 7 scrolls of fog
 z - 5 scrolls of fear
 C - a scroll of silence
 Q - 4 scrolls of summoning
 R - 4 scrolls of enchant armour
 V - 2 scrolls of blinking
Potions
 c - a potion of ambrosia
 d - 9 potions of might
 j - 3 potions of agility
 n - 9 potions of heal wounds
 r - 17 potions of curing
 x - 2 potions of cancellation
 D - a potion of mutation
 I - a potion of resistance
 L - 6 potions of lignification
 U - 2 potions of flight
 Z - a potion of haste
Miscellaneous
 J - a lightning rod (4/4)
 K - a fan of gales
Comestibles
 f - 59 rations
 q - 29 chunks of flesh


   Skills:
 + Level 19.6 Fighting
 + Level 18.8 Axes
 * Level 11.3 Armour
 * Level 10.2 Dodging
 - Level 15.2 Shields
 - Level 2.0 Evocations


You had 20 spell levels left.
You didn't know any spells.
Your spell library was empty.

Dungeon Overview and Level Annotations

Branches:
Dungeon (15/15)            Temple (1/1) D:4            Lair (6/6) D:8
 Shoals (0/4) Lair:2       Spider (4/4) Lair:2        Slime (0/5) Lair:5
    Orc (2/2) D:11            Elf (0/3) Orc:2        Vaults (4/5) D:13
  Crypt (0/3) Vaults:3     Depths (4/5) D:15          Sewer (visited)
  IceCv (visited)         Gauntlet (visited)

Altars:
Ashenzari
Cheibriados
Dithmenos
Elyvilon
Fedhas
Gozag
Hepliaklqana
Kikubaaqudgha
Makhleb
Nemelex Xobeh
Okawaru
Qazlal
Ru
Sif Muna
Trog
Uskayaw
Vehumet
Wu Jian
Xom
Yredelemnul
Zin
The Shining One

Shops:
D:14 (   Orc:1 =   Orc:2 [:(}*   Vaults:4 ?

Portals:
Hell: Depths:1 Depths:2 Depths:3 Depths:4
Abyss: Depths:4
Pandemonium: Depths:3 Depths:4
Ziggurat: Depths:1
Trove: D:10 (give 8 potions of agility)


Innate Abilities, Weirdness & Mutations

You have hooves in place of feet.
Armour fits poorly on your strangely shaped body.
You cover ground very quickly.
You have extremely tough skin. (AC +3)


Message History

The caustic shrike is severely wounded.
The elephant changes into a mana viper!
You block the caustic shrike's attack. The caustic shrike claws you!!!
* * * LOW HITPOINT WARNING * * *
You are splashed with acid.
You resist.
* * * LOW HITPOINT WARNING * * *
You slash the caustic shrike! You burn the caustic shrike.
You kick the caustic shrike!!
The caustic shrike is almost dead.
You miss something. The caustic shrike claws you!
* * * LOW HITPOINT WARNING * * *
You are splashed with acid.
You resist.
* * * LOW HITPOINT WARNING * * *
You block something's attack. Something bites you but does no damage.
Your gold dragon scales of Kojas prevents you from hitting the caustic shrike.
Your kick misses the caustic shrike.
The caustic shrike is almost dead.
You hit something. You burn something.
You block the caustic shrike's attack. x2
Something hits you!
You die...

.# ###.E...##### .#
###...........###### .#
..........E..........##
.#
.........S............#
.#
........L.............##
.#
.........e.............#
##
.........2............##
.........b{...........#
##.......@.........####
####.........#####
###.....### ##...##
##..∩## #.....# ##.).##
##(## ##.#


You could see a caustic shrike (berserk), a hell beast, a lich, a deep elf
elementalist, a mana viper shaped shifter and an earth elemental.

Vanquished Creatures
  Mara (Depths:1)
  Nikola (Spider:2)
  Arachne (Spider:3)
  A tentacled monstrosity (Depths:4)
  Jorgrun (Spider:1)
  Rupert (Lair:3)
  Asterion (Vaults:3)
  A titan (Depths:3)
  A lich (Depths:3)
  5 sphinxes
  Kirke (Spider:1)
  2 tengu reavers
  A shadow dragon (shapeshifter) (Depths:4)
  Roxanne (D:14)
  A deep elf sorcerer (Vaults:1)
  A storm dragon (Depths:4)
  Donald (Vaults:2)
  3 frost giants
  3 ghost moths
  10 fire giants
  11 vault wardens
  The ghost of Dirphi Vium the Fighter, a journeyman MiBe of Trog (D:13)
  5 emperor scorpions
  A ghoul (Vaults:3)
  2 orc warlords
  5 ironheart preservers
  10 very ugly things
  A spriggan defender (Depths:3)
  18 stone giants
  A vampire knight (Depths:3)
  3 entropy weavers
  Nessos (Lair:4)
  A deep elf annihilator (Vaults:1)
  A dire elephant (D:15)
  A minotaur (Gauntlet)
  7 spark wasps
  12 ettins
  The ghost of Fazur the Fighter, a journeyman OgTm of the Shining One (D:10)
  A deep elf death mage (Depths:4)
  9 fire dragons
  9 yaktaur captains
  10 ogre magi
  A deep elf high priest (Depths:1)
  A hell beast (Depths:3)
  10 ice dragons
  A rakshasa (Depths:1)
  5 great orbs of eyes
  Harold (D:7)
  3 spriggan air magi
  11 hydras
  14 vault guards
  14 centaur warriors
  A two-headed ogre (shapeshifter) (Depths:3)
  A catoblepas (Lair:6)
  3 death knights
  39 two-headed ogres
  Erica (Orc:1)
  10 deep troll shamans
  A vampire mage (Depths:4)
  5 tengu warriors
  2 orc high priests (Orc:2)
  11 deep troll earth magi
  4 deep elf knights
  3 spriggan berserkers
  A shadow wraith (Vaults:1)
  4 iron trolls
  A spriggan druid (Depths:1)
  22 deep trolls
  3 flayed ghosts
  An unseen horror (D:11)
  A death drake (Gauntlet)
  2 glowing orange brains
  2 phantasmal warriors (Depths:3)
  A glowing orange brain (shapeshifter) (Vaults:4)
  2 wizards
  8 deep elf archers
  10 orc knights
  7 harpies
  11 ironbrand convokers
  9 cyclopes
  Pikel (D:6)
  3 necromancers
  11 wolf spider zombies (Spider:3)
  10 orc sorcerers
  11 deep elf magi
  32 wolf spiders
  18 orb spiders
  61 ugly things
  4 oklob plants (Lair:6)
  A spectral centaur (Gauntlet)
  A manticore (D:14)
  A salamander (shapeshifter) (Vaults:2)
  A black mamba (shapeshifter) (Vaults:4)
  3 moths of wrath
  2 black mambas (Lair:6)
  An elephant (shapeshifter) (Vaults:4)
  An elephant (D:8)
  A merfolk siren (Lair:2)
  10 vault sentinels
  An ice statue (D:14)
  A human skeleton (Vaults:3)
  4 molten gargoyles (D:15)
  3 torpor snails
  5 gargoyles
  2 spiny frogs (shapeshifter)
  A rime drake (Lair:4)
  7 redback zombies (Spider:3)
  10 spiny frogs
  2 yaktaur zombies (Vaults:3)
  21 yaktaurs
  3 centaur skeletons
  7 ice devils
  4 freezing wraiths
  3 komodo dragons
  An efreet (D:15)
  9 demonic crawlers
  A troll (shapeshifter) (D:14)
  5 tengu conjurers
  2 merfolk
  2 meliai (Spider:2)
  A queen bee (Spider:2)
  14 trolls
  4 tyrant leeches
  A polar bear (shapeshifter) (Depths:2)
  11 polar bears (Lair:6)
  A meliai (shapeshifter) (Vaults:3)
  27 jumping spiders
  A tengu simulacrum (Depths:3)
  13 hornets
  The ghost of dasteron the Shooter, an amateur HuHu (D:5)
  A spectral meliai (Gauntlet)
  18 blink frogs
  29 slime creatures
  7 dream sheep (Lair:5)
  6 tarantella zombies (Spider:3)
  11 hippogriffs
  4 raiju (Lair:6)
  A stone giant simulacrum (Vaults:3)
  62 redbacks
  A tarantella (shapeshifter) (Depths:2)
  A redback (shapeshifter) (Depths:2)
  2 spriggans (Depths:2)
  2 water elementals
  23 tarantellas
  3 wraiths (D:10)
  A yak (shapeshifter) (D:15)
  4 shadows
  32 yaks
  A vampire (D:14)
  Eustachio (D:5)
  4 basilisks
  2 wyverns
  3 humans
  6 hogs
  3 vampire mosquitoes (D:14)
  13 wargs
  An elf skeleton (Depths:3)
  A harpy simulacrum (Vaults:1)
  13 water moccasins
  14 hell hounds
  A soldier ant (shapeshifter) (Depths:1)
  2 porcupines
  34 orc warriors
  5 ice beasts
  A black bear (shapeshifter) (Depths:2)
  20 black bears
  An eye of draining (D:13)
  3 sky beasts
  2 phantoms
  6 boggarts
  2 human zombies (Vaults:1)
  27 ogres
  A boggart (shapeshifter) (Depths:1)
  19 centaurs
  35 wolves
  A crocodile (shapeshifter) (D:15)
  13 crocodiles
  Blork the orc (D:5)
  6 big kobolds
  16 bullfrogs
  A bullfrog (shapeshifter) (Depths:2)
  4 earth elementals (Spider:4)
  2 wyvern skeletons
  4 scorpions
  23 killer bees
  3 howler monkeys
  3 wights (D:11)
  4 electric eels
  4 crimson imps
  4 centaur zombies
  4 quasits
  5 hounds
  9 jellies
  14 orc priests
  2 bullfrog zombies
  30 orc wizards
  3 bullfrog skeletons
  2 iguanas
  5 worker ants
  Ijyb (D:5)
  A hound zombie (D:9)
  2 hound skeletons
  Robin (D:2)
  A worker ant zombie (D:9)
  7 gnolls
  13 adders
  2 river rats
  3 shadow imps
  A white imp (Depths:4)
  2 oozes (Sewer)
  An adder skeleton (D:9)
  5 worms
  2 dart slugs
  7 leopard geckos
  115 orcs
  3 giant cockroaches
  26 goblins
  8 hobgoblins
  9 jackals
  4 quokkas
  6 ball pythons
  5 bats
  4 frilled lizards
  28 kobolds
  A leopard gecko skeleton (D:3)
  2 quokka skeletons
  A quokka zombie (D:5)
  8 rats
  8 fungi
  5 plants
1591 creatures vanquished.

Vanquished Creatures (collateral kills)
  A hydra (Lair:2)
1 creature vanquished.

Vanquished Creatures (others)
  An orb spider (Spider:3)
  A jumping spider (Spider:3)
  A meliai (Spider:3)
  A redback (Vaults:4)
  A tarantella (Spider:3)
  A human (Spider:1)
  A killer bee (Spider:3)
  2 orcs
  17 fungi
  16 plants
42 creatures vanquished.

Grand Total: 1634 creatures vanquished

Notes
Turn   | Place    | Note
-------+----------+-------------------------------------------
     0 | D:1      | KamiKatze the Centaur Fighter began the quest for the Orb.
     0 | D:1      | Reached XP level 1. HP: 19/19 MP: 1/1
   391 | D:1      | Reached XP level 2. HP: 19/26 MP: 2/2
   910 | D:2      | Reached XP level 3. HP: 28/31 MP: 3/3
  1200 | D:2      | Reached XP level 4. HP: 32/38 MP: 4/4
  1508 | D:2      | Noticed Robin
  1543 | D:2      | Killed Robin
  2019 | D:3      | Found a basalt altar of Yredelemnul.
  2363 | D:3      | Reached XP level 5. HP: 43/46 MP: 5/5
  2395 | D:3      | Found a hazy altar of Hepliaklqana.
  2462 | D:3      | Reached skill level 4 in Fighting
  2619 | D:4      | Reached XP level 6. HP: 51/52 MP: 6/6
  3231 | D:4      | Reached skill level 5 in Axes
  3231 | D:4      | Reached XP level 7. HP: 47/60 MP: 7/7
  3325 | D:4      | Found a staircase to the Ecumenical Temple.
  3334 | Temple   | Entered the Ecumenical Temple
  3788 | D:5      | Entered Level 5 of the Dungeon
  3836 | D:5      | Found a transporter.
  3836 | D:5      | Noticed dasteron's ghost (amateur HuHu)
  3864 | D:5      | Found a glowing drain.
  3926 | D:5      | Reached skill level 5 in Fighting
  3941 | Sewer    | Entered a sewer
  4315 | D:5      | Reached XP level 8. HP: 38/69 MP: 8/8
  4327 | D:5      | Noticed Blork the orc
  4339 | D:5      | Killed Blork the orc
  4521 | D:5      | Noticed Eustachio
  4619 | D:5      | Found a white marble altar of Elyvilon.
  4633 | D:5      | Noticed Ijyb
  4641 | D:5      | Killed Ijyb
  4811 | D:5      | Killed Eustachio
  4811 | D:5      | Reached skill level 6 in Fighting
  4948 | D:5      | Found a transporter.
  4980 | D:5      | Found a bloodstained altar of Trog.
  4985 | D:5      | Became a worshipper of Trog the Wrathful
  5385 | D:6      | Noticed Pikel
  5385 | D:6      | Paralysed by Pikel for 4 turns
  5393 | D:6      | Killed Pikel
  5393 | D:6      | Reached skill level 5 in Shields
  5393 | D:6      | Reached XP level 9. HP: 73/78 MP: 9/9
  5567 | D:6      | Reached * piety under Trog
  5773 | D:7      | Reached skill level 7 in Fighting
  5773 | D:7      | Reached skill level 1 in Evocations
  6258 | D:7      | Reached ** piety under Trog
  6294 | D:7      | Noticed Harold
  6313 | D:7      | Killed Harold
  6313 | D:7      | Reached XP level 10. HP: 74/88 MP: 11/11
  6644 | D:8      | Found a staircase to the Lair.
  6645 | D:8      | Noticed an elephant
  6668 | D:7      | Reached skill level 8 in Fighting
  6866 | D:8      | Found a snail-covered altar of Cheibriados.
  6933 | D:8      | Killed an elephant
  6933 | D:8      | Reached skill level 1 in Dodging
  7202 | D:8      | Found a shimmering blue altar of Sif Muna.
  7297 | D:9      | Reached *** piety under Trog
  7307 | D:9      | Reached skill level 10 in Axes
  7476 | D:9      | Found a large runed translucent door.
  7477 | D:9      | Found a large runed translucent door.
  7697 | D:9      | Noticed a purple ugly thing
  7775 | D:9      | Killed a purple ugly thing
  8152 | D:10     | Entered Level 10 of the Dungeon
  8173 | D:10     | Found a burning altar of Makhleb.
  8221 | D:10     | Noticed a two-headed ogre
  8233 | D:10     | Killed a two-headed ogre
  8233 | D:10     | Reached XP level 11. HP: 91/95 MP: 12/12
  8394 | D:10     | Reached **** piety under Trog
  8514 | D:10     | Noticed a two-headed ogre
  8563 | D:10     | Killed a two-headed ogre
  8650 | D:10     | Found a shimmering altar of Xom.
  8783 | D:10     | Found a runed translucent gate.
  8783 | D:10     | Found a runed translucent gate.
  8783 | D:10     | Found a runed translucent gate.
  8783 | D:10     | Noticed Fazur's ghost (journeyman OgTm)
  8964 | D:10     | Found a portal to a secret trove of treasure.
  9252 | Lair:1   | Entered Level 1 of the Lair of Beasts
  9870 | Lair:1   | Reached skill level 9 in Fighting
 10178 | Lair:2   | Noticed a five-headed hydra
 10281 | Lair:1   | Killed a five-headed hydra
 10356 | Lair:2   | Found a hole to the Spider Nest.
 10844 | Lair:2   | Identified a scroll of acquirement
 10845 | Lair:2   | Got a distressingly furry centaur barding
 10851 | Lair:2   | Identified the +0 centaur barding "Egysua" {rF+} (You
                  | acquired it on level 2 of the Lair of Beasts)
 11014 | Lair:2   | Noticed a five-headed hydra
 11024 | Lair:2   | Killed a five-headed hydra
 11269 | Lair:2   | Found a staircase to the Shoals.
 11490 | Lair:3   | Noticed Rupert
 11506 | Lair:3   | Killed Rupert
 11506 | Lair:3   | Reached XP level 12. HP: 105/105 MP: 13/13
 11836 | Lair:3   | Found a hazy altar of Hepliaklqana.
 12417 | Lair:4   | Noticed Nessos
 12512 | Lair:3   | Reached ***** piety under Trog
 12913 | Lair:4   | Noticed a six-headed hydra
 13321 | Lair:3   | Killed a six-headed hydra
 13321 | Lair:3   | Reached skill level 5 in Armour
 13595 | Lair:4   | Killed Nessos
 13679 | Lair:4   | Reached skill level 10 in Fighting
 14454 | Lair:5   | Noticed an eight-headed hydra
 14595 | Lair:5   | Killed an eight-headed hydra
 14804 | Lair:5   | Reached XP level 13. HP: 104/113 MP: 14/14
 14887 | Lair:5   | Found a staircase to the Slime Pits.
 15744 | D:11     | Found a staircase to the Orcish Mines.
 16166 | D:11     | Found a frozen archway.
 16192 | IceCv    | Entered an ice cave
 16265 | IceCv    | Reached skill level 5 in Dodging
 16474 | Orc:1    | Entered Level 1 of the Orcish Mines
 16474 | Orc:1    | Found Tipaid's Jewellery Boutique.
 16837 | Orc:1    | Noticed an orc warlord
 17123 | D:11     | Killed an orc warlord
 17171 | Orc:1    | Received a gift from Trog
 17292 | Orc:2    | Entered Level 2 of the Orcish Mines
 17316 | Orc:2    | Found a staircase to the Elven Halls.
 17316 | Orc:2    | Found Tiduqomm's Book Shoppe.
 17316 | Orc:2    | Noticed an orc warlord
 17823 | Orc:1    | Reached skill level 11 in Fighting
 18267 | Orc:1    | Paralysed by an orc sorcerer for 5 turns
 18892 | Orc:1    | Noticed Erica
 18903 | Orc:1    | Killed Erica
 19317 | Orc:2    | Found Ofeshrine's Antique Weapon Shoppe.
 19471 | Orc:2    | Received a gift from Trog
 19476 | Orc:2    | Noticed a stone giant
 19499 | Orc:2    | Killed a stone giant
 19812 | Orc:1    | Reached XP level 14. HP: 98/124 MP: 15/15
 20596 | Orc:2    | Found Feagh's Antique Armour Boutique.
 20654 | Orc:2    | Found Gaqauph's General Store.
 21026 | Orc:2    | Killed an orc warlord
 21086 | Orc:2    | Found Petzag's Gadget Shoppe.
 21371 | Orc:1    | Bought the ring of Noon {rElec rPois Str+4 Int+4 Dex+4} for
                  | 651 gold pieces
 21404 | Orc:2    | Bought a glowing helmet for 225 gold pieces
 21422 | Orc:2    | Bought a brightly glowing scale mail for 270 gold pieces
 21433 | Orc:2    | Identified the +2 scale mail of Mumblety Peg {rC++ Str+4
                  | Dex-4} (You bought it in a shop on level 2 of the Orcish
                  | Mines)
 21717 | D:12     | Found a gate leading to a gauntlet.
 21730 | Gauntlet | Entered a Gauntlet
 21730 | Gauntlet | Found a transporter.
 21730 | Gauntlet | Found a transporter.
 21730 | Gauntlet | Found a transporter.
 21730 | Gauntlet | Found a transporter.
 21747 | Gauntlet | Found the amulet of Vitality {Regen+ HP+15}
 21750 | Gauntlet | Found a transporter.
 21770 | Gauntlet | Found a transporter.
 21771 | Gauntlet | Found a transporter.
 21775 | Gauntlet | Noticed a cacodemon
 21794 | Gauntlet | Found a transporter.
 21836 | Gauntlet | Found a transporter.
 21892 | Gauntlet | Found a transporter.
 21894 | Gauntlet | Found a transporter.
 21907 | Gauntlet | Found a transporter.
 22082 | Gauntlet | Received a gift from Trog
 22924 | Gauntlet | Identified the +6 spear of Doors {venom, Int+7}
 24006 | D:13     | Found a runed translucent door.
 24024 | D:13     | Reached skill level 12 in Fighting
 24080 | D:13     | Reached ****** piety under Trog
 24336 | D:13     | Noticed Dirphi Vium's ghost (journeyman MiBe)
 24685 | D:14     | Found Hoanion's Antique Weapon Boutique.
 24740 | D:14     | Noticed Roxanne
 25287 | D:14     | Killed Roxanne
 25514 | D:15     | Entered Level 15 of the Dungeon
 25623 | D:15     | Reached skill level 15 in Axes
 26000 | D:15     | Reached XP level 15. HP: 98/130 MP: 16/16
 26184 | D:15     | Found a white marble altar of Elyvilon.
 26570 | D:15     | Received a gift from Trog
 26968 | D:15     | Found a staircase to the Depths.
 27961 | D:5      | Killed dasteron's ghost
 28073 | D:9      | Found an opulent altar of Gozag.
 28098 | D:9      | Found a shattered altar of Ashenzari.
 28200 | D:10     | Killed Fazur's ghost
 28376 | D:13     | Killed Dirphi Vium's ghost
 28661 | D:13     | Found a gate to the Vaults.
 28910 | Lair:6   | Entered Level 6 of the Lair of Beasts
 29579 | Lair:6   | Reached skill level 13 in Fighting
 29775 | Lair:6   | Received a gift from Trog
 30273 | Lair:6   | Reached XP level 16. HP: 108/143 MP: 14/17
 30713 | Orc:1    | Bought an uncursed ring of resist corrosion for 220 gold
                  | pieces
 30842 | Spider:1 | Entered Level 1 of the Spider Nest
 30995 | Spider:1 | Reached skill level 10 in Shields
 31216 | Spider:1 | You fall into a shaft and drop 1 floor!
 31296 | Spider:1 | Received a gift from Trog
 31653 | Spider:1 | Noticed Kirke
 31663 | Spider:1 | Noticed Jorgrun
 31663 | Spider:1 | Killed Kirke
 31676 | Spider:1 | Killed Jorgrun
 31773 | Spider:1 | You fall into a shaft and drop 1 floor!
 33068 | Spider:3 | Received a gift from Trog
 33325 | Spider:2 | Reached skill level 14 in Fighting
 34332 | Spider:3 | Noticed Nikola
 34527 | Spider:2 | Killed Nikola
 34806 | Spider:3 | Noticed Arachne
 34831 | Spider:3 | Killed Arachne
 34831 | Spider:3 | Reached XP level 17. HP: 78/152 MP: 15/18
 35343 | Spider:4 | Entered Level 4 of the Spider Nest
 35367 | Spider:4 | Received a gift from Trog
 37291 | Spider:4 | Identified the Papyrus of Flying Execration
 37386 | Spider:4 | Received a gift from Trog
 38066 | Spider:4 | Got a gossamer rune of Zot
 38750 | Vaults:1 | Entered Level 1 of the Vaults
 38870 | Vaults:1 | You fall into a shaft and drop 1 floor!
 38951 | Vaults:2 | Found a flickering gateway to a bazaar.
 38965 | Bazaar   | Entered a bazaar
 38965 | Bazaar   | Found Naggena's Antique Weapon Emporium.
 38977 | Bazaar   | Found Ejoruhes's Book Emporium.
 38987 | Bazaar   | Found Acanui's Assorted Antiques.
 38992 | Bazaar   | Found Siessuon's Weapon Shoppe.
 39199 | Vaults:1 | Reached skill level 15 in Fighting
 39749 | Vaults:1 | Received a gift from Trog
 39762 | Vaults:1 | Got a polished hand axe {god gift}
 39763 | Vaults:1 | Identified the +5 hand axe of Guile {freeze, +Blink rElec
                  | rPois Stlth-} (Trog gifted it to you on level 1 of the
                  | Vaults)
 39895 | Vaults:1 | Reached XP level 18. HP: 153/163 MP: 19/19
 40862 | Vaults:2 | Received a gift from Trog
 41402 | Vaults:2 | Upgraded the game from 0.24.0-37-gcf1ca852f1 to
                  | 0.24.0-41-g2ae2f7f1be
 41417 | Vaults:2 | Noticed Donald
 41429 | Vaults:2 | Killed Donald
 42124 | Vaults:3 | You fall into a shaft and drop 1 floor!
 42139 | Vaults:4 | Received a gift from Trog
 42169 | Vaults:4 | Reached skill level 16 in Fighting
 42199 | Vaults:4 | Found Ezacas's Magic Scroll Emporium.
 42583 | Vaults:3 | Found a staircase to the Crypt.
 42658 | Vaults:3 | Noticed Asterion
 42694 | Vaults:3 | Reached XP level 19. HP: 172/172 MP: 20/20
 43462 | Orc:2    | Bought a scroll of brand weapon for 320 gold pieces
 43829 | Vaults:3 | Reached skill level 15 in Shields
 43904 | Vaults:3 | Received a gift from Trog
 44233 | Vaults:3 | Killed Asterion
 44908 | Vaults:4 | Reached skill level 17 in Fighting
 45527 | Vaults:4 | Reached skill level 18 in Fighting
 45539 | Vaults:4 | Received a gift from Trog
 46656 | Depths:1 | Entered Level 1 of the Depths
 46656 | Depths:1 | Found a gateway to a ziggurat.
 46694 | Depths:1 | Found a gateway to Hell.
 47019 | Depths:1 | Reached XP level 20. HP: 146/189 MP: 17/21
 47113 | Depths:1 | Noticed Mara
 47128 | Depths:1 | Noticed KamiKatze's illusion
 47165 | Depths:1 | Killed Mara
 47250 | Depths:1 | Found a flickering gateway to a bazaar.
 47259 | Bazaar   | Entered a bazaar
 47262 | Bazaar   | Found Kucoif's Distillery.
 47293 | Bazaar   | Found Meser's Gadget Boutique.
 47326 | Bazaar   | Found Reak Doh's Book Shop.
 47326 | Bazaar   | Found Liassehiag's Antique Armour Boutique.
 47346 | Bazaar   | Bought a shiny shield for 210 gold pieces
 47370 | Bazaar   | Bought a warped chain mail for 266 gold pieces
 47382 | Bazaar   | Identified the +2 chain mail of Ojearch {rN++ Str-4 Int+6}
                  | (You bought it in a shop in a bazaar)
 47401 | Bazaar   | Bought an aquamarine-studded scale mail for 252 gold pieces
 47413 | Bazaar   | Identified the +6 scale mail of the Poles {rC+} (You bought
                  | it in a shop in a bazaar)
 47438 | Bazaar   | Bought a potion of mutation for 104 gold pieces
 47438 | Bazaar   | Bought a potion of heal wounds for 65 gold pieces
 47438 | Bazaar   | Bought a potion of cancellation for 104 gold pieces
 48236 | Depths:1 | Received a gift from Trog
 48615 | Depths:1 | Got a faintly glowing plate armour
 48626 | Depths:1 | Identified the cursed +1 plate armour of Lethargy {MR+
                  | Str+6} (You found it on level 1 of the Depths)
 48640 | Depths:1 | Got transparent gold dragon scales
 48651 | Depths:1 | Identified the cursed +1 gold dragon scales of Kojas
                  | {*Drain rPois rF+ rC+ Slay+2 Stlth+} (You found it on level
                  | 1 of the Depths)
 48955 | Depths:2 | Reached skill level 19 in Fighting
 49397 | Depths:2 | Paralysed by a great orb of eyes for 2 turns
 49473 | Depths:2 | Identified the +10 quarterstaff of Corporal Punishment
                  | {vamp, rPois rF- Dex+2}
 49517 | Depths:2 | Paralysed by a sphinx for 7 turns
 49543 | Depths:2 | Received a gift from Trog
 50236 | Depths:2 | Reached skill level 10 in Armour
 50884 | Depths:3 | Reached XP level 21. HP: 198/198 MP: 22/22
 51264 | Depths:3 | Received a gift from Trog
 52704 | Depths:3 | Found a one-way gate leading to the halls of Pandemonium.
 53175 | Depths:4 | Reached skill level 10 in Dodging
 53359 | Depths:4 | Found a one-way gate to the infinite horrors of the Abyss.
 53391 | Depths:4 | Received a gift from Trog
 53582 | Depths:4 | Noticed a caustic shrike
 53614 | Depths:4 | HP: 8/298 [caustic shrike (12)]
 53615 | Depths:4 | Mangled by a vampire knight

Levels and vault maps discovered:
D:1:      minmay_arrival_radiant_lines, layout_basic, minmay_tetromino_l4
D:2:      layout_loops_ring, first_ration, uniq_robin
D:3:      layout_loops_ring, nicolae_overflow_hidden_temple, marbit_many_paths
D:4:      cheibrodos_old_hovel, layout_cave_pools,
          minmay_temple_entry_water_ring, minmay_crystal_room,
          minmay_ogre_servants
D:5:      layout_rooms, elyvilon_altar_3, lightli_temple_of_fire,
          portal_sewer_entry_c, gammafunk_ghost_smash, uniq_blork_the_orc,
          uniq_ijyb, uniq_eustachio
D:6:      layout_basic, uniq_pikel
D:7:      layout_basic, grunt_livestock, uniq_harold
D:8:      layout_cave_pools, led_sif_pool, cheibrodos_worm_habitat,
          david_lair_generic, minmay_misc_feat_chi
D:9:      layout_rooms, st_stairs_10, minmay_misc_feat_more_columns,
          jmf_multi_god_temple2
D:10:     layout_loops_ring, gammafunk_ghost_spectres,
          nicolae_trove_entry_free_sample, hangedman_feature_mirror
D:11:     layout_long_grid, erik_orc_4, portal_ice_cave_demonic_guard
D:12:     layout_big_octagon, gauntlet_entry_generic
D:13:     layout_roguey, grunt_vaults_entry_fortified, gammafunk_ghost_grave
D:14:     layout_loops_ring, infiniplex_staircase_pillars_1, serial_shops,
          nicolae_shop_stone, minivault_16, serial_bayou_crossing, uniq_roxanne
D:15:     hangedman_depths_entry_try_elsewhere_first, layout_basic,
          old_standard_altar, minivault_8
Temple:   eino_temple_scatter_basement
Lair:1:   layout_regular_city, chequers_serial_rivers_room_a
Lair:2:   layout_hall_layers, elwin_shoals_entry_rooms, spider_nest_entry_webs,
          minivault_19
Lair:3:   layout_loops_ring, basic_altar, uniq_rupert
Lair:4:   layout_misc_corridors, grunt_forest_stairs_basic, lemuel_fruit_tree,
          uniq_nessos
Lair:5:   layout_gridlike, dpeg_slime_entry_corner, small_statue_intersection,
          chequers_serial_rivers_micro_e, minmay_stone_trees_small
Lair:6:   hangedman_lair_caniforms_friends, layout_gridlike, st_stairs_8,
          chequers_serial_rivers_micro_d, minmay_lair_oklob_chamber,
          grunt_megastairs_4
Spider:1: layout_spider_delve, uniq_kirke, uniq_jorgrun
Spider:2: layout_spider_delve
Spider:3: lemuel_spider_zombies, special_room [special_room_bee], uniq_arachne,
          uniq_nikola
Spider:4: spider_rune_water, hangedman_stitches_earthworm
Orc:1:    layout_caves, serial_shops, shop, uniq_erica
Orc:2:    grunt_orc_gardens, layout_diamond_mine, grunt_orc_garden,
          grunt_orc_garden, grunt_orc_garden, grunt_orc_garden, serial_shops,
          nicolae_shop_statue_plus
Vaults:1: hangedman_vaults_nails, v_rooms_4, v_misc_27,
          hangedman_vaults_variations, v_misc_14, ontoclasm_vaults_chip,
          nicolae_vaults_theta, v_misc_12, nicolae_vaults_angled_halls,
          nicolae_vaults_rhombus_6, layout_vaults_quadrants
Vaults:2: nicolae_vaults_back_hallway, ontoclasm_vaults_spin,
          hangedman_vaults_pinch, nicolae_vaults_stairing_the_circle,
          vaults_room_guarded_vault, vaults_room_hallway, grunt_vaults_swirl,
          grunt_vaults_focal, dpeg_vaults_monster_box,
          layout_vaults_chaotic_city, serial_shops, bzr_entry_customers,
          uniq_donald
Vaults:3: nicolae_vaults_minivaults, vaults_room_fancy_cross,
          minmay_crypt_entry_simple_plaza, v_pattern_2, vaults_dpeg_diagonal,
          v_misc_3, nicolae_vaults_circle_grid_b,
          nicolae_vaults_network_quincunx
          [nicolae_vaults_network_quincunx_subvault,
          nicolae_vaults_network_quincunx_subvault,
          nicolae_vaults_network_quincunx_subvault,
          nicolae_vaults_network_quincunx_subvault,
          nicolae_vaults_network_quincunx_subvault], vaults_dpeg_spiral,
          vaults_room_ringed_pool, nicolae_vaults_rhombus_6,
          ontoclasm_vaults_shuriken, layout_vaults_omnibox, uniq_asterion
Vaults:4: grunt_vaults_trifunnel, ontoclasm_vaults_misaligned,
          nicolae_vaults_diagonal_hallway_6, vaults_room_corners,
          nicolae_vaults_circle_grid_a, hangedman_vaults_stagger, v_rooms_3,
          nicolae_vaults_circle_grid_a, st_squares,
          nicolae_vaults_ring_of_whatevers, hangedman_vaults_locks,
          hangedman_vaults_stretched_pinwheel, nicolae_vaults_little_squares_4,
          nicolae_vaults_border_crossing, layout_vaults_maze, serial_shops, shop
Depths:1: minmay_broken_ring, layout_gridlike, enter_ziggurat_e,
          pf_vacation_house_of_asmodeus, hangedman_decor_opposing,
          serial_curves, eino_curves_02, eino_curves_03, serial_shops,
          bzr_entry_water, kilobyte_rumbling_trees, uniq_mara
Depths:2: minmay_the_grid_four_pointed_star
          [minmay_the_grid_triangle_9x9_limited_checkers,
          minmay_the_grid_triangle_9x9_cache,
          minmay_the_grid_triangle_9x9_checkered,
          minmay_the_grid_triangle_9x9_swiss_cheese,
          minmay_the_grid_prize_trominoes], layout_basic,
          hangedman_decor_points, hell_entry, chequers_serial_rivers_small_3,
          kennysheep_small_square
Depths:3: wad_mega_maze, layout_long_grid, kennysheep_cross_room,
          grunt_mini_vestibule, pan_entry
Depths:4: thingy_vault, layout_cave_shapes, pan_entry, hangedman_coc_ice_floe,
          serial_bayou_shore_b, abyss_entry, minivault_11,
          kennysheep_generic_room_3

Skill      XL: |  1  2  3  4  5  6  7  8  9 10 11 12 13 14 15 16 17 18 19 20 21 |
---------------+----------------------------------------------------------------+-----
Axes           | 2 3 4 5 6 8 9 10 11 12 13 15 16 17 18 | 18.8
Fighting       | 4 5 6 7 8 9 10 11 12 13 14 15 16 18 19 | 19.6
Shields        | 3 4 5 6 8 9 11 13 14 15 | 15.2
Evocations     | 2 |  2.0
Dodging        | 2 3 4 5 7 9 10 | 10.2
Armour         | 3 4 5 6 7 8 10 11 | 11.3

Action                   |  1- 3 |  4- 6 |  7- 9 | 10-12 | 13-15 | 16-18 | 19-21 || total
-------------------------+-------+-------+-------+-------+-------+-------+-------++-------
Melee: War axe           |    82 |   155 |   276 |   608 |   235 |       |       ||  1356
       Kick              |    17 |    21 |    61 |   157 |   459 |   618 |   611 ||  1944
       Trident           |       |       |       |    98 |       |       |       ||    98
       Broad axe         |       |       |       |       |   965 |  1313 |  1142 ||  3420
       Morningstar       |       |       |       |       |       |       |     2 ||     2
Throw: Stone             |     4 |       |       |       |       |       |       ||     4
       Dart              |       |    11 |    11 |    96 |   126 |   238 |    32 ||   514
Invok: Berserk           |       |       |     1 |     1 |     9 |     2 |     3 ||    16
       Trog's Hand       |       |       |       |     2 |     4 |    10 |    10 ||    26
Evoke: Wand              |       |       |       |       |     1 |     7 |       ||     8
  Use: Scroll            |       |       |    16 |    10 |     9 |     5 |     8 ||    48
       Potion            |       |       |       |     1 |     1 |       |     2 ||     4
 Stab: Paralysed         |       |       |       |       |     2 |       |       ||     2
       Held in net/web   |       |       |       |       |       |     2 |       ||     2
       Distracted        |       |       |       |       |       |       |     1 ||     1
  Eat: Chunk             |       |     5 |     9 |    21 |    35 |    23 |    31 ||   124
       Ration            |       |       |       |     1 |     5 |     5 |     1 ||    12
Armor: Scale mail        |    42 |    55 |    38 |       |   256 |   504 |   132 ||  1027
       Chain mail        |       |       |    75 |   238 |   202 |       |       ||   515
       Gold dragon scale |       |       |       |       |       |       |   204 ||   204
Dodge: Dodged            |    21 |    35 |    44 |   106 |   323 |   345 |   165 ||  1039
Block: Shield            |    41 |    59 |   144 |   341 |   711 |   558 |       ||  1854
       Large shield      |       |       |       |       |       |   368 |   832 ||  1200
